 Dungeon Crawl Stone Soup version 0.32-a0-859-gb0a091d592 (webtiles) character file.

Game seed: 10421308628306848361

7909 oldriver the Fighter (level 11, -2/131 HPs)
             Began as an Oni Shapeshifter on Mar 27, 2024.
             Was a Believer of Ru.
             Slain by a meliai
             ... wielding a +0 hand axe
              (11 damage)
             ... on level 10 of the Dungeon.
             The game lasted 00:16:38 (12353 turns).

oldriver the Fighter (Oni Shapeshifter)            Turns: 12353, Time: 00:16:41

Health: -2/131     AC:  2    Str: 24    XL:     11   Next: 22%
Magic:  11/11      EV: 18    Int: 11    God:    Ru [**....]
Gold:   598        SH:  0    Dex: 12    Spells: 10/10 levels left

rFire   . .          .
                       - Unarmed
rCold   . . .        (shield currently unavailable)
rNeg    . . .        a - melded +1 animal skin
rPois   .            (helmet restricted)
rElec   .            z - +0 cloak
rCorr   .            (gloves unavailable)
SInv    .            (boots unavailable)
Will    +....        x - amulet of regeneration
Stlth   +            p - +6 ring of dexterity
HPRegen 1.21/turn    A - +5 ring of evasion
MPRegen 0.12/turn

%: no passive effects
@: flux-form, glowing
A: glow, contaminating, large, unfitting armour, horns 1, clumsy 1, tough skin
1, inability to use devices, double potion healing, drunken brawling
a: Begin Untransformation, Renounce Religion


You were on level 10 of the Dungeon.
You worshipped Ru.
Ru was pleased with you.
You were something dangerously unstable.
You visited 2 branches of the dungeon, and saw 11 of its levels.
You also visited: Ossuary.

You collected 598 gold pieces.

Inventory:

Hand Weapons
 t - a +7 flail of chaos
Missiles
 f - 4 atropa-tipped darts
 v - a throwing net (quivered)
 E - 21 poisoned darts
 H - a curare-tipped dart
Armour
 a - a +1 animal skin (melded)
 y - a +2 helmet
 z - a +0 cloak (worn)
 C - +0 steam dragon scales
Jewellery
 k - an amulet of the acrobat
 p - a +6 ring of dexterity (left hand)
 x - an amulet of regeneration (around neck)
 A - a +5 ring of evasion (right hand)
 I - a ring of protection from cold
Talismans
 c - a beast talisman
 d - a flux talisman (active)
 F - a blade talisman
Scrolls
 h - 5 scrolls of noise
 i - 4 scrolls of immolation
 q - 2 scrolls of revelation
 r - 8 scrolls of identify
 s - 2 scrolls of butterflies
 w - 3 scrolls of teleportation
 G - 2 scrolls of fear
Potions
 b - 3 potions of lignification
 e - 2 potions of magic
 g - 2 potions of enlightenment
 j - 5 potions of attraction
 l - a potion of ambrosia
 m - 5 potions of brilliance
 n - 5 potions of degeneration
 o - 2 potions of invisibility
 u - 2 potions of berserk rage
 B - a potion of resistance
 D - 2 potions of mutation {unknown}
 J - a potion of curing


   Skills:
 * Level 14.3 Fighting
 - Level 3.0 Throwing
 + Level 2.7 Armour
 + Level 3.3 Dodging
 + Level 7.0 Unarmed Combat
 * Level 9.1 Shapeshifting


You had 10 spell levels left.
You didn't know any spells.
Your spell library contained the following spells:

 Spells                   Type           Power      Damage    Failure   Level
 Kiss of Death            Conj/Necr      0%         2d5       34%         1
 Necrotise                Necr           0%         1d4       34%         1
 Ensorcelled Hibernation  Hex/Ice        0%         N/A       47%         2
 Scorch                   Fire           0%         2d5       47%         2
 Confusing Touch          Hex            0%         N/A       71%         3
 Fugue of the Fallen      Necr           0%         N/A       71%         3
 Ozocubu's Armour         Ice            0%         N/A       71%         3
 Vampiric Draining        Necr           0%         2d6       71%         3
 Anguish                  Hex/Necr       0%         N/A       98%         4
 Animate Armour           Summ/Erth      0%         N/A       98%         4
 Dispel Undead            Necr           0%         3d6       98%         4
 Flame Wave               Conj/Fire      0%         2d4       98%         4
 Martyr's Knell           Necr/Summ      0%         N/A       98%         4
 Summon Lightning Spire   Summ/Air       0%         N/A       98%         4
 Curse of Agony           Necr           0%         N/A       100%        5
 Lee's Rapid Deconstruct  Erth           0%         3d4*      100%        5
 Summon Cactus Giant      Summ           0%         N/A       100%        6
 Manifold Assault         Tloc           0%         N/A       100%        7


Dungeon Overview and Level Annotations

Branches:
Dungeon (10/15)            Temple (1/1) D:5             Orc (0/2) D:9
Ossuary (visited)
   Lair: D:8-11

Altars:
Ashenzari
Cheibriados
Dithmenos
Elyvilon
Fedhas
Gozag
Hepliaklqana
Kikubaaqudgha
Makhleb
Nemelex Xobeh
Okawaru
Qazlal
Ru
Sif Muna
Trog
Vehumet
Wu Jian
Xom
Yredelemnul
Zin
The Shining One

Shops:
D:2 (   D:6 (   D:7 :

Portals:
Abyss: D:4

Annotations:
D:4 2 transporters, Shayle's ghost, amateur CoAl
D:7 1 runed translucent door, Crazy Yiuf


Innate Abilities, Weirdness & Mutations

You are something dangerously unstable.
You glow with magical radiation, making you easy to see and hit.
Foes you strike become dangerously contaminated with magical radiation.
You are incapable of wielding weapons or throwing items.
You are too large for most types of armour.
You have a pair of small horns on your head.
You are clumsy. (Dex -2)
You have tough skin. (AC +1)
You cannot study or use magical devices.
You gain doubled healing and magic from potions.
Whenever you drink a healing potion, you attack all around you.


Message History

You hit the kobold.
You kill the kobold!
You redirect the kobold's attack!
The kobold closely misses itself.
You hit the kobold.
You kill the kobold!
You redirect the meliai's attack!
The meliai hits you with a +0 hand axe. The meliai stings you!
You redirect the kobold brigand's attack!
The kobold brigand throws a poisoned dart.
The poisoned dart barely misses the killer bee.
A yak comes into view.
You hit the meliai but do no damage.
The meliai begins to glow.
You headbutt the meliai, but do no damage.
Your surroundings seem slightly different.
The meliai calls down the wrath of its god upon you.
Something smites you!
The meliai stops glowing.
The meliai completely misses you. The meliai stings you!
The meliai begins to pray, but is stunned by your conviction!
You hit the meliai.
The meliai begins to glow.
Your headbutt misses the meliai.
The meliai is lightly wounded.
The meliai invokes the aid of its god against you.
Something smites you!
* * * LOW HITPOINT WARNING * * *
The meliai barely misses you. The meliai stings you.
* * * LOW HITPOINT WARNING * * *
You closely miss the meliai. You headbutt the meliai.
The meliai is lightly wounded.
The meliai hits you with a +0 hand axe!
* * * LOW HITPOINT WARNING * * *
The meliai stings you.
* * * LOW HITPOINT WARNING * * *
The meliai hits you with a +0 hand axe!
* * * LOW HITPOINT WARNING * * *
The meliai stings you!
* * * LOW HITPOINT WARNING * * *
The meliai hits you with a +0 hand axe!
You die...
Ru respects your ultimate sacrifice.

#...#
############...#########
........................
........................
################...#####
#...# #...# #y..#
################py.#####
........................
########################


You could see 2 meliai.

Vanquished Creatures
  A centaur warrior (D:8)
  2 two-headed ogres
  Maurice (D:8)
  Joseph (D:7)
  Maggie (D:8)
  2 trolls
  3 hornets
  Prince Ribbit (D:7)
  A vampire (D:9)
  A wraith (D:10)
  2 steam dragons
  Menkaure (D:4)
  Duvessa (D:4)
  2 water moccasins
  3 orc warriors (D:9)
  3 black bears
  2 sky beasts (D:6)
  A centaur (D:9)
  An ogre (D:6)
  4 kobold brigands
  A bullfrog (D:7)
  A weeping skull (Ossuary)
  A gnoll sergeant (D:9)
  2 scorpions
  Dowan (D:4)
  9 killer bees
  An electric eel (D:6)
  A howler monkey (D:8)
  A bullfrog zombie (Ossuary)
  2 centaur zombies (Ossuary)
  3 hounds
  A jelly (D:4)
  7 orc priests
  2 bombardier beetles
  A gnoll bouda (D:9)
  9 orc wizards
  2 scorpion zombies (Ossuary)
  A sleepcap (D:7)
  2 ogre zombies (Ossuary)
  4 adders
  2 white imps (D:6)
  6 ufetubi
  4 adder zombies (Ossuary)
  3 dart slugs
  A ribbon worm (D:4)
  28 orcs
  5 ball pythons
  8 bats
  8 endoplasms
  7 giant cockroaches
  A gnoll zombie (Ossuary)
  4 goblins
  4 hobgoblins
  3 jackals (D:3)
  18 kobolds
  2 quokkas (D:1)
  6 frilled lizards
  2 goblin zombies (Ossuary)
  7 hobgoblin zombies (Ossuary)
  2 orc zombies (Ossuary)
  3 rats
210 creatures vanquished.

Notes
Turn   | Place    | Note
-------+----------+-------------------------------------------
     0 | D:1      | oldriver the Oni Shapeshifter began the quest for the Orb.
     0 | D:1      | Reached XP level 1. HP: 19/19 MP: 1/1
    23 | D:1      | Reached skill level 2 in Fighting
    31 | D:1      | Reached XP level 2. HP: 26/28 MP: 2/2
   283 | D:1      | Reached XP level 3. HP: 30/36 MP: 3/3
   407 | D:1      | Reached skill level 3 in Fighting
  1109 | D:2      | Reached XP level 4. HP: 41/46 MP: 4/4
  1129 | D:2      | Found Egurav's Weapon Boutique.
  1721 | D:3      | Reached skill level 4 in Fighting
  2127 | D:3      | Reached XP level 5. HP: 54/55 MP: 5/5
  2441 | D:4      | Noticed a black bear
  2457 | D:4      | Killed a black bear
  2458 | D:4      | Reached skill level 5 in Fighting
  2458 | D:4      | Reached XP level 6. HP: 17/66 MP: 6/6
  2746 | D:4      | Noticed Menkaure
  2761 | D:4      | Killed Menkaure
  2762 | D:4      | Reached skill level 6 in Fighting
  2871 | D:4      | Found a stormy altar of Qazlal.
  2871 | D:4      | Found a broken altar of Ashenzari.
  2887 | D:4      | Noticed Duvessa
  2907 | D:4      | Noticed Dowan
  2909 | D:4      | Killed Duvessa
  2910 | D:4      | Reached XP level 7. HP: 76/76 MP: 7/7
  2923 | D:4      | Killed Dowan
  3241 | D:4      | Reached skill level 7 in Fighting
  3325 | D:4      | Found a one-way gate to the infinite horrors of the Abyss.
  3325 | D:4      | Noticed Shayle's ghost (amateur CoAl)
  3328 | D:4      | Noticed a small abomination
  3336 | D:4      | Found a transporter.
  3337 | D:4      | Found a transporter.
  3367 | D:4      | Noticed Edmund
  3369 | D:4      | Edmund changed into Edmund the ribbon worm
  3369 | D:4      | Noticed Edmund
  3374 | D:4      | Killed Edmund the ribbon worm
  3610 | D:5      | Entered Level 5 of the Dungeon
  3612 | D:5      | Found a staircase to the Ecumenical Temple.
  3626 | Temple   | Entered the Ecumenical Temple
  3639 | Temple   | Became a worshipper of Ru the Awakened
  3818 | D:5      | Found a hazy altar of Hepliaklqana.
  3828 | D:5      | Reached skill level 8 in Fighting
  4252 | D:5      | Reached skill level 5 in Shapeshifting
  4606 | D:6      | Reached XP level 8. HP: 46/89 MP: 8/8
  4803 | D:6      | Reached skill level 9 in Fighting
  5614 | D:6      | Found Asozen's Weapon Shoppe.
  6314 | D:6      | Reached skill level 10 in Fighting
  6342 | D:6      | Gained mutation: You cannot study or use magical devices.
                  | [Ru sacrifice]
  6342 | D:6      | Reached * piety under Ru
  6342 | D:6      | Reached ** piety under Ru
  6565 | D:7      | Noticed Prince Ribbit
  6579 | D:7      | Killed Prince Ribbit
  6614 | D:7      | Reached skill level 5 in Unarmed Combat
  6614 | D:7      | Reached XP level 9. HP: 39/102 MP: 9/9
  6632 | D:7      | Reached skill level 11 in Fighting
  6838 | D:7      | Found Kupnek's Book Shop.
  6924 | D:7      | Found a sand-covered staircase.
  6932 | Ossuary  | Entered an ossuary
  7451 | Ossuary  | Noticed a silent spectre
  7640 | D:7      | Found a runed translucent door.
  7641 | D:7      | Noticed Crazy Yiuf
  7959 | D:7      | Found a burning altar of Makhleb.
  8462 | D:8      | Noticed Maurice
  8495 | D:8      | Noticed Joseph
  8599 | D:7      | Killed Joseph
  8600 | D:7      | Reached skill level 12 in Fighting
  9474 | D:8      | Maurice stole a +7 flail of chaos
  9476 | D:8      | Maurice stole a flux talisman
  9477 | D:8      | Maurice stole an amulet of the acrobat
  9480 | D:8      | Killed Maurice
  9737 | D:8      | Noticed Maggie
  9789 | D:8      | Reached XP level 10. HP: 115/118 MP: 10/10
  9797 | D:8      | Killed Maggie
  9798 | D:8      | Reached skill level 13 in Fighting
 10755 | D:8      | Paralysed by a hornet for 3 turns
 10904 | D:9      | Found a staircase to the Orcish Mines.
 10907 | D:9      | Found a shadowy altar of Dithmenos.
 10939 | D:9      | Reached skill level 1 in Throwing
 10950 | D:9      | Reached skill level 1 in Armour
 11064 | D:9      | Gained mutation: You are clumsy. (Dex -2) [Ru sacrifice]
 11245 | D:9      | Paralysed by a hornet for 1 turns
 11547 | D:9      | Noticed a centaur warrior
 11547 | D:9      | Noticed a two-headed ogre
 11579 | D:8      | Killed a two-headed ogre
 11634 | D:8      | Killed a centaur warrior
 11635 | D:8      | Reached skill level 14 in Fighting
 11635 | D:8      | Reached XP level 11. HP: 90/130 MP: 11/11
 11912 | D:9      | Paralysed by a hornet for 2 turns
 12248 | D:10     | Entered Level 10 of the Dungeon
 12328 | D:10     | Noticed a two-headed ogre
 12338 | D:10     | Killed a two-headed ogre
 12341 | D:10     | Noticed a two-headed ogre
 12353 | D:10     | Slain by a meliai

Illustrated notes

Levels and vault maps discovered:
D:1:      amcnicky_arrival_double_pillar, layout_rooms, nicolae_eternal_life,
          nicolae_concentric_dashed_squares_wild
D:2:      layout_basic, serial_shops, nicolae_shop_bloodbath_and_beyond
D:3:      layout_loops_ring, grunt_ministairs_15
D:4:      layout_gridville, mainiacjoe_overflow_divided_tiny,
          gammafunk_ghost_abyssal_escape, minivault_27, uniq_menkaure,
          uniq_edmund, uniq_duvessa
D:5:      layout_loops_cross, mainiacjoe_overflow_chevrons,
          minmay_temple_entry_grid, minmay_misc_feat_enclosed
D:6:      layout_layer_cave, serial_shops, shop, serial_bayou_lake_a
D:7:      layout_loops_ring, makhleb_heckhound_becter, enter_ossuary_1,
          serial_shops, nicolae_book_shop_shelving, uniq_prince_ribbit1,
          uniq_crazy_yiuf_cottage
D:8:      layout_gridville, uniq_maurice, uniq_joseph, uniq_maggie
D:9:      layout_long_grid, mainiacjoe_overflow_catwalk, orc_0_dummy,
          minivault_16, minmay_puff
D:10:     layout_long_grid, mainiacjoe_overflow_brackets, grunt_potential
Temple:   eino_temple_scatter_basement

Skill      XL: |  1  2  3  4  5  6  7  8  9 10 11 |
---------------+----------------------------------+-----
Fighting       | 2 3 4 5 6 8 10 12 14 | 14.3
Unarmed Combat | 3 4 5 6 7 |  7.0
Shapeshifting  | 4 5 6 7 8 9 |  9.1
Dodging        | 2 3 |  3.3
Throwing       | 2 3 |  3.0
Armour         | 2 |  2.7

Action                     |  1- 3 |  4- 6 |  7- 9 | 10-12 || total
---------------------------+-------+-------+-------+-------++-------
  Melee: Unarmed           |    89 |    62 |   238 |   220 ||   609
         Headbutt          |     8 |    18 |    67 |    50 ||   143
         Punch             |     2 |       |    10 |       ||    12
         Flail             |       |       |    58 |       ||    58
 Invoke: Sacrifice Artific |       |       |     1 |       ||     1
         Sacrifice Purity  |       |       |       |     1 ||     1
  Evoke: Wand              |       |     5 |     1 |       ||     6
    Use: Scroll            |       |    10 |    15 |     2 ||    27
         Potion            |       |       |     2 |     1 ||     3
   Stab: Distracted        |       |     1 |       |       ||     1
         Sleeping          |       |       |     2 |       ||     2
         Invisible         |       |       |     1 |       ||     1
 Armour: Animal skin       |    41 |    40 |   271 |       ||   352
         Skin              |       |       |    25 |   164 ||   189
  Dodge: Dodged            |    41 |    27 |   194 |   256 ||   518
   Form: Flux              |       |       |     1 |       ||     1

Table legend: (Time is in decaauts)
 A = Elapsed time spent in this place.
 B = Non-inter-level travel time spent in this place.
 C = Inter-level travel time spent in this place.
 D = Time resting spent in this place.
 E = Time spent auto-exploring this place.
 F = Levels seen in this place.
 G = Mean time per level.
                   A        B        C        D        E       F      G
               +--------+--------+--------+--------+--------+-----+--------+
         Total |  12375 |  11301 |   1074 |   2592 |   6712 |  12 | 1031.2 |
       Dungeon |  11797 |  10748 |   1049 |   2384 |   6492 |  10 | 1179.7 |
        Temple |     26 |      1 |     25 |      0 |      0 |   1 |   26.0 |
       Ossuary |    551 |    551 |      0 |    208 |    220 |   1 |  551.0 |
               +--------+--------+--------+--------+--------+-----+--------+

Top non-repeatable levels by time:
     D:8: 1928 daAuts
     D:7: 1805 daAuts
     D:6: 1754 daAuts
     D:4: 1354 daAuts
     D:5: 1283 daAuts
     D:9: 1203 daAuts
     D:2: 959 daAuts
     D:3: 744 daAuts
     D:1: 657 daAuts
 Ossuary: 551 daAuts
    D:10: 106 daAuts
  Temple: 26 daAuts
